 Dungeon Crawl Stone Soup version 0.22-a0-44-geb883ae (webtiles) character file.

156 gmonis the Cudgeler (level 5, -4/46 HPs)
             Began as a Minotaur Berserker on Jan 6, 2018.
             Was a Believer of Trog.
             Slain by a wight
             ... wielding a cursed +0 long sword
              (12 damage)
             ... on level 3 of the Dungeon.
             The game lasted 00:07:39 (2188 turns).

gmonis the Cudgeler (Minotaur Berserker)            Turns: 2188, Time: 00:07:41

Health: -4/46      AC:  3    Str: 23    XL:     5   Next: 14%
Magic:  4/4        EV: 11    Int:  4    God:    Trog [**....]
Gold:   111        SH:  0    Dex:  9    Spells: 4/4 levels left

rFire    . . .     SeeInvis .   a - +0 mace
rCold    . . .     Gourm    +   (no shield)
rNeg     . . .     Faith    .   l - +0 leather armour
rPois    .         Spirit   .   (helmet restricted)
rElec    .         Reflect  .   (no cloak)
rCorr    .         Harm     .   (no gloves)
MR       .....                  (no boots)
Stlth    +.........             h - amulet of the gourmand
HPRegen  0.15/turn              (no ring)
MPRegen  0.09/turn              (no ring)

@: drained
A: retaliatory headbutt, horns 2
a: Berserk, Trog's Hand, Burn Spellbooks, Renounce Religion


You were on level 3 of the Dungeon.
You worshipped Trog.
Trog was pleased with you.
You were not hungry.

You visited 1 branch of the dungeon, and saw 3 of its levels.

You collected 111 gold pieces.

Inventory:

Hand Weapons
 a - a +0 mace (weapon)
 b - a +0 hunting sling
 s - a +0 flail
Missiles
 g - 210 stones (quivered)
Armour
 f - a +0 animal skin
 l - a +0 leather armour (worn)
Jewellery
 h - an amulet of the gourmand (around neck)
Scrolls
 e - 5 scrolls of identify {unknown}
 i - a scroll of enchant weapon {unknown}
 j - a scroll of enchant armour {unknown}
 m - 2 scrolls of remove curse {unknown}
 o - a scroll of immolation {unknown}
 q - a scroll of amnesia {unknown}
 r - a scroll of teleportation {unknown}
Potions
 d - a potion of might {unknown}
 k - a potion of degeneration {unknown}
 n - a potion of heal wounds {unknown}
 p - a potion of haste {unknown}
Comestibles
 c - 8 rations


   Skills:
 - Level 3.7(2.8) Fighting
 + Level 7.0(6.0) Maces & Flails
 - Level 2.4(1.6) Armour
 - Level 2.2(1.3) Dodging


You had 4 spell levels left.
You didn't know any spells.

Dungeon Overview and Level Annotations

Branches:
Dungeon (2/15)

Altars:
Makhleb
Nemelex Xobeh


Innate Abilities, Weirdness & Mutations

You reflexively headbutt those who attack you in melee.
You have a pair of horns on your head.


Message History

Things that are here:
a battleaxe; a robe The wight closely misses you.
You hit the wight but do no damage.
The wight hits you with a trident of freezing.
You feel drained. The wight freezes you. The wight hits you with a long sword.
You hit the wight but do no damage. You headbutt the wight.
The wight is moderately damaged.
The wight hits you with a trident of freezing!
The wight freezes you. The wight hits you with a long sword!
You feel drained.
You hit the wight but do no damage. You headbutt the wight.
The wight is heavily damaged.
The wight hits you with a trident of freezing!
* * * LOW HITPOINT WARNING * * *
You feel drained.
* * * LOW HITPOINT WARNING * * *
The wight freezes you.
* * * LOW HITPOINT WARNING * * *
The wight hits you with a long sword!
You die...

#.. #. ..##' #. ..... #.
≈.....#. ##########
≈≈≈≈≈≈#. #........# ≈≈≈≈≈##
#........# #≈≈≈≈ #...zz...#
###≈≈
####.@.##############.
..........).............
##################.########
....). #.# #...## #.#
#....# #.# #######....##.#
#.# #.....'.....#.# #.#
#.#####.....#.# #.#


You could see 2 wights.

Vanquished Creatures
  A wight (D:3)
  Robin (D:3)
  3 adders (D:2)
  2 dart slugs (D:2)
  2 leopard geckos
  11 bats
  3 giant cockroaches (D:1)
  18 goblins
  7 hobgoblins
  3 jackals (D:3)
  2 ball pythons (D:1)
  4 frilled lizards
  3 kobolds
  6 rats
66 creatures vanquished.

Notes
Turn   | Place    | Note
-------+----------+-------------------------------------------
     0 | D:1      | gmonis the Minotaur Berserker began the quest for the Orb.
     0 | D:1      | Reached XP level 1. HP: 19/19 MP: 0/0
   154 | D:1      | Reached skill level 4 in Maces & Flails
   248 | D:1      | Reached XP level 2. HP: 25/27 MP: 1/1
   985 | D:2      | Reached skill level 5 in Maces & Flails
   985 | D:2      | Reached XP level 3. HP: 29/33 MP: 2/2
  1136 | D:2      | Found a sparkling altar of Nemelex Xobeh.
  1334 | D:2      | Found a burning altar of Makhleb.
  1412 | D:2      | Reached ** piety under Trog
  1658 | D:2      | Reached XP level 4. HP: 40/40 MP: 3/3
  1682 | D:2      | Reached skill level 6 in Maces & Flails
  1794 | D:2      | You fall through a shaft!
  1949 | D:3      | Noticed Robin
  1973 | D:3      | Killed Robin
  2181 | D:3      | Reached skill level 7 in Maces & Flails
  2181 | D:3      | Reached XP level 5. HP: 46/46 MP: 4/4
  2188 | D:3      | Slain by a wight

Vault maps used:
D:1:      dpeg_arrival_court, minmay_pentomino_q2
D:2:      nicolae_overflow_hidden_temple, first_ration,
          nemelex_spade_bored_becter
D:3:      kennysheep_goblin_castle, bloody_trog, hangedman_abyss_or_decor_stabs,
          uniq_ijyb, uniq_crazy_yiuf_cottage

Skill      XL: |  1  2  3  4 |
---------------+-------------+-----
Maces & Flails | 4 5 7 |  7.0
Fighting       | |  3.7
Armour         | |  2.4
Dodging        | |  2.2

Action                   |  1- 3 |  4- 6 || total
-------------------------+-------+-------++-------
Melee: Mace              |    75 |    37 ||   112
       Headbutt          |    10 |     6 ||    16
 Fire: Hunting sling     |     2 |     2 ||     4
Throw: Stone             |     2 |       ||     2
Invok: Berserk           |       |     1 ||     1
  Eat: Chunk             |     3 |     2 ||     5
Armor: Animal skin       |    16 |       ||    16
       Leather armour    |    14 |     9 ||    23
Dodge: Dodged            |    79 |    27 ||   106

Table legend:
 A = Spawn XP
 B = Non-spawn XP
 C = Spawn XP percentage of total XP
 D = Spawn monster count
 E = Non-spawn monster count
 F = Spawn count percentage of total count
 G = Total turns spent on level
                    A         B        C        D         E        F      G
               +---------+---------+-------+---------+---------+-------+---------
         Total |       0 |     223 |   0.0 |       0 |      66 |   0.0 |  2188
               +---------+---------+-------+---------+---------+-------+---------
           D:1 |       0 |      33 |   0.0 |       0 |      21 |   0.0 |   973
           D:2 |       0 |      81 |   0.0 |       0 |      24 |   0.0 |   821
           D:3 |       0 |     109 |   0.0 |       0 |      21 |   0.0 |   394
               +---------+---------+-------+---------+---------+-------+---------
